 Dungeon Crawl Stone Soup version 0.25.1-2-g60ff931df9 (webtiles) character file.

Game seed: 1741328255905916854

123 ew1980 the Shooter (level 4, -5/38 HPs)
             Began as a Centaur Hunter on Nov 18, 2020.
             Was an Initiate of the Shining One.
             Killed by nerve-wracking pain
             ... invoked by Grinder
              (8 damage)
             ... on level 3 of the Dungeon.
             The game lasted 00:09:34 (3481 turns).

ew1980 the Shooter (Centaur Hunter)                 Turns: 3481, Time: 00:09:34

Health: -5/38      AC:  4    Str: 16    XL:     4   Next: 80%
Magic:  0/4        EV: 10    Int: 10    God:    the Shining One [......]
Gold:   136        SH:  0    Dex:  9    Spells: 3/3 levels left

rFire    . . .     SeeInvis .   a - +2 shortbow
rCold    . . .     Gourm    .   (shield currently unavailable)
rNeg     . . .     Faith    .   c - +0 leather armour
rPois    .         Spirit   +   (no helmet)
rElec    .         Reflect  .   (no cloak)
rCorr    .         Harm     .   (no gloves)
MR       .....                  (no barding)
Stlth    +.........             q - amulet of guardian spirit
HPRegen  0.12/turn              (no ring)
MPRegen  0.09/turn              (no ring)

@: glowing, very quick
A: large, hooves 3, deformed body, speed 2, tough skin 3
a: Renounce Religion


You were on level 3 of the Dungeon.
You worshipped the Shining One.
The Shining One was noncommittal.
You were not hungry.

You visited 1 branch of the dungeon, and saw 3 of its levels.

You collected 136 gold pieces.

Inventory:

Hand Weapons
 a - a +2 shortbow (weapon)
 b - a +0 short sword
 e - a +0 spear
 j - a +0 hand axe
Missiles
 d - 18 arrows (quivered)
 x - 10 poisoned darts
Armour
 c - a +0 leather armour (worn)
 t - a +0 scale mail
Jewellery
 h - an uncursed ring of stealth {unknown}
 k - a +6 ring of strength {unknown}
 m - a +4 ring of protection {unknown}
 q - an amulet of guardian spirit (around neck)
Scrolls
 o - 4 scrolls of teleportation
 v - 2 scrolls of enchant weapon
Potions
 i - a potion of mutation {unknown}
 l - 2 potions of curing
 r - a potion of magic {unknown}
 s - a potion of invisibility {unknown}
 u - 2 potions of stabbing {unknown}
Comestibles
 f - 5 rations
 g - 8 chunks of flesh


   Skills:
 + Level 3.2 Fighting
 * Level 6.5 Bows
 + Level 2.3 Dodging
 - Level 0.4 Stealth
 + Level 0.4 Invocations


You had 3 spell levels left.
You didn't know any spells.
Your spell library contained the following spells:

 Spells                   Type           Power        Failure   Level  Hunger
 Magic Dart               Conj           #...         43%         1    ##.....
 Blink                    Tloc           N/A          56%         2    ###....
 Call Imp                 Summ           #.......     56%         2    ###....
 Slow                     Hex            #.......     56%         2    ###....
 Conjure Flame            Conj/Fire      #.......     80%         3    ####...
 Mephitic Cloud           Conj/Pois/Air  #.......     80%         3    ####...


Dungeon Overview and Level Annotations

Branches:
Dungeon (3/15)

Altars:
Wu Jian
Xom
The Shining One

Annotations:
D:3 Grinder


Innate Abilities, Weirdness & Mutations

You have hooves in place of feet.
Armour fits poorly on your strangely shaped body.
You cover ground very quickly.
You have extremely tough skin. (AC +3)


Message History

You shrug off the repeated paralysis!
Grinder hits you!
* * * LOW HITPOINT WARNING * * *
You writhe in agony.
* * * LOW HITPOINT WARNING * * *
You can move again.
Firing (i - inventory. (/) - cycle)
d - 20 arrows (quivered)
Press: ? - help, Shift-Dir - straight line, f/p - Grinder
Aim: Grinder (severely wounded)
You shoot an arrow. The arrow closely misses Grinder.
The arrow barely misses the worm.
Grinder misses you.
Firing (i - inventory. (/) - cycle)
d - 19 arrows (quivered)
Press: ? - help, Shift-Dir - straight line, f/p - Grinder
Aim: Grinder (severely wounded)
You shoot an arrow. The arrow hits Grinder.
Grinder is severely wounded.
Grinder says, "My boss said I was rubbish.
His entrails said otherwise."
Grinder gestures at you. Pain shoots through your body!
You die...

. ..........######..# #..###
....####.##(######..####....
......w..(......)(((...#..#
...#####.##.######.(#.##..###
.......+(.......(#
#............
.......#########'##
#...#.##.#### .......#
###.w.# #.....(......
.......# #...5.#
#.....##(#### .......#
###.#.@.# #........####
.......####.......#
#..#..#......
.......##...._....#
#..#.........
.......##....8....#
#..#.###.####
..)....##...._..#.#
#............
......).........#.#
#..#.g##.#...
.............#..#.. #..#..
#g#... .........#+###..##.##.
#......!.% .........# ..# #.
#. .#.#.##


You could see Grinder and a worm.

Vanquished Creatures
  Jessica (D:2)
  3 adders
  2 dart slugs
  3 leopard geckos
  4 giant cockroaches (D:1)
  17 goblins
  8 hobgoblins
  2 jackals (D:1)
  6 bats
  3 frilled lizards
  5 kobolds
  6 rats
60 creatures vanquished.

Notes
Turn   | Place    | Note
-------+----------+-------------------------------------------
     0 | D:1      | ew1980 the Centaur Hunter began the quest for the Orb.
     0 | D:1      | Reached XP level 1. HP: 17/17 MP: 1/1
   148 | D:1      | Reached XP level 2. HP: 19/24 MP: 2/2
   942 | D:1      | Reached XP level 3. HP: 20/30 MP: 3/3
  1205 | D:1      | You fall into a shaft and drop 1 floor!
  1378 | D:2      | Reached skill level 6 in Bows
  2318 | D:2      | Reached XP level 4. HP: 19/37 MP: 4/4
  2567 | D:2      | Noticed Jessica
  2571 | D:2      | Killed Jessica
  2593 | D:2      | Found a glowing golden altar of the Shining One.
  2951 | D:2      | Became a worshipper of the Shining One
  3173 | D:3      | Found an ornate altar of the Wu Jian Council.
  3173 | D:3      | Found a shimmering altar of Xom.
  3428 | D:3      | Noticed Grinder
  3452 | D:3      | Paralysed by Grinder for 5 turns
  3475 | D:3      | Paralysed by Grinder for 5 turns
  3481 | D:3      | Killed from afar by Grinder

Illustrated notes

Levels and vault maps discovered:
D:1:      dpeg_arrival_houses_and_road, layout_basic
D:2:      layout_basic, tso_oasis_becter, uniq_jessica
D:3:      wander_river, layout_basic,
          chequers_temple_overflow_statue_of_worship, first_ration,
          chequers_ecumenical_altar_simple, uniq_grinder, uniq_terence,
          uniq_robin

Skill      XL: |  1  2  3  4 |
---------------+-------------+-----
Bows           | 6 |  6.5
Dodging        | 2 |  2.3
Fighting       | 3 |  3.2
Stealth        | |  0.4
Invocations    | |  0.4

Action                   |  1- 3 |  4- 6 || total
-------------------------+-------+-------++-------
Melee: Short sword       |   130 |    43 ||   173
       Kick              |    24 |    11 ||    35
 Fire: Shortbow          |    28 |    26 ||    54
  Use: Scroll            |       |     7 ||     7
  Eat: Chunk             |     2 |     4 ||     6
Armor: Leather armour    |    59 |    19 ||    78
Dodge: Dodged            |    64 |    20 ||    84
